 Dungeon Crawl Stone Soup version 0.25.1-8-g42b30a86e7 (webtiles) character file.

Game seed: 12902103760927360321

819 BirdFish the Fighter (level 7, -8/68 HPs)
             Began as a Minotaur Fighter on Dec 10, 2020.
             Was an Initiate of Okawaru.
             Killed by divine providence
             ... invoked by an orc priest
              (11 damage)
             ... on level 7 of the Dungeon.
             The game lasted 00:34:30 (5780 turns).

BirdFish the Fighter (Minotaur Fighter)             Turns: 5780, Time: 00:34:34

Health: -8/68      AC:  9    Str: 22    XL:     7   Next: 63%
Magic:  6/6        EV:  4    Int:  5    God:    Okawaru [......]
Gold:   334        SH:  0    Dex: 13    Spells: 6/6 levels left

rFire    . . .     SeeInvis .   z - +1 mace
rCold    . . .     Gourm    .   c - +1 kite shield
rNeg     . . .     Faith    .   b - +0 scale mail
rPois    .         Spirit   .   (helmet restricted)
rElec    .         Reflect  .   u - scarf {+Inv}
rCorr    .         Harm     .   s - +1 pair of gloves {Dex+3}
MR       .....                  (no boots)
Stlth    ..........             (no amulet)
HPRegen  0.21/turn              (no ring)
MPRegen  0.10/turn              (no ring)

@: brilliant, flying, held, hasted, very quick
A: retaliatory headbutt, horns 2
a: Renounce Religion, Evoke Invisibility


You were on level 7 of the Dungeon.
You worshipped Okawaru.
Okawaru was noncommittal.
You were hungry.

You visited 1 branch of the dungeon, and saw 7 of its levels.

You collected 334 gold pieces.

Inventory:

Hand Weapons
 a - a +0 rapier
 i - a +0 club
 z - a +1 mace (weapon)
Missiles
 e - 48 sling bullets
 l - 203 stones (quivered)
Armour
 b - a +0 scale mail (worn)
 c - a +1 kite shield (worn)
 s - a +1 pair of gloves of dexterity (worn)
 u - a scarf of invisibility (worn)
Jewellery
 j - an uncursed ring of see invisible {unknown}
 o - an uncursed amulet of regeneration {unknown}
 y - an uncursed ring of protection from cold {unknown}
Wands
 n - a wand of paralysis (6)
Scrolls
 h - 5 scrolls of remove curse
 m - 2 scrolls of enchant armour
 p - 2 scrolls of immolation
 t - 2 scrolls of enchant weapon
Potions
 k - a potion of magic
 v - a potion of degeneration {unknown}
Comestibles
 f - 10 rations
 g - 2 chunks of flesh


   Skills:
 + Level 8.2 Fighting
 - Level 3.1 Short Blades
 + Level 6.7 Maces & Flails
 - Level 3.6 Armour
 - Level 3.6 Shields


You had 6 spell levels left.
You didn't know any spells.
Your spell library contained the following spells:

 Spells                   Type           Power        Failure   Level  Hunger
 Shock                    Conj/Air       #...         99%         1    None
 Swiftness                Chrm/Air       #.......     100%        2    None
 Static Discharge         Conj/Air       #.......     100%        3    None
 Airstrike                Air            #.........   100%        4    None
 Lightning Bolt           Conj/Air       #.........   100%        5    None


Dungeon Overview and Level Annotations

Branches:
Dungeon (8/15)             Temple (0/1) D:5
   Lair: D:8-11

Altars:
Okawaru
Xom

Shops:
D:5 %

Annotations:
D:7 Harold


Innate Abilities, Weirdness & Mutations

You reflexively headbutt those who attack you in melee.
You have a pair of horns on your head.


Message History

The black bear claws you but does no damage.
The black bear claws you.
* * * LOW HITPOINT WARNING * * *
The crocodile bites you but does no damage.
It was a potion of brilliance.
You feel clever all of a sudden.
The orc hits you but does no damage. x2; The orc hits you with a +0 flail.
* * * LOW HITPOINT WARNING * * *
The black bear bites you but does no damage.
The black bear claws you but does no damage. x2
The crocodile bites you.
* * * LOW HITPOINT WARNING * * *
It was a potion of haste.
You feel yourself speed up. The orc completely misses you.
The orc hits you with a +0 flail.
* * * LOW HITPOINT WARNING * * *
The orc hits you with a +0 flail.
* * * LOW HITPOINT WARNING * * *
The orc priest mumbles some strange prayers to Beogh against you.
Beogh smites you!
You die...

.............?## #
...............####.
....................
...................
..................#
...............##.##
......%........t#o.#
.....>.........h@#
................oo#
..[..##.........o..#
....# #...........o@#
.... #................
...#...................
........................
........................


You could see Harold, a crocodile, a black bear, an orc priest and 4 orcs.

Vanquished Creatures
  An ogre (D:4)
  A water moccasin skeleton (D:5)
  A crimson imp (D:5)
  A centaur zombie (D:5)
  A bullfrog zombie (D:5)
  A hound (D:5)
  A jelly (D:5)
  2 orc priests (D:4)
  2 orc wizards (D:4)
  A bullfrog skeleton (D:4)
  6 worker ants
  3 gnolls (D:4)
  10 adders
  3 oozes
  2 adder skeletons (D:4)
  A worm (D:5)
  A dart slug (D:1)
  6 leopard geckos
  7 orcs
  2 ball pythons
  3 bats
  4 giant cockroaches
  5 hobgoblins
  12 jackals
  3 kobolds (D:1)
  A quokka (D:2)
  2 frilled lizards
  14 goblins
  A quokka skeleton (D:4)
  4 rats
  A plant (D:4)
103 creatures vanquished.

Vanquished Creatures (others)
  3 plants (D:4)
3 creatures vanquished.

Grand Total: 106 creatures vanquished

Notes
Turn   | Place    | Note
-------+----------+-------------------------------------------
     0 | D:1      | BirdFish the Minotaur Fighter began the quest for the Orb.
     0 | D:1      | Reached XP level 1. HP: 19/19 MP: 0/0
   271 | D:1      | Reached skill level 4 in Fighting
   275 | D:1      | Reached XP level 2. HP: 19/27 MP: 1/1
   768 | D:1      | Reached XP level 3. HP: 34/34 MP: 2/2
  1188 | D:2      | Reached skill level 1 in Maces & Flails
  1626 | D:2      | Reached XP level 4. HP: 41/41 MP: 3/3
  1631 | D:2      | Reached skill level 5 in Fighting
  2857 | D:4      | You fall into a shaft and drop 1 floor!
  2857 | D:5      | Entered Level 5 of the Dungeon
  2877 | D:5      | Reached XP level 5. HP: 28/50 MP: 4/4
  3114 | D:5      | Reached skill level 6 in Fighting
  3238 | D:5      | Reached XP level 6. HP: 57/58 MP: 5/5
  3642 | D:4      | Reached skill level 5 in Maces & Flails
  3649 | D:4      | Reached skill level 7 in Fighting
  4137 | D:4      | Reached XP level 7. HP: 41/66 MP: 6/6
  4273 | D:5      | Found a staircase to the Ecumenical Temple.
  4532 | D:5      | Found Reki's Food Emporium.
  4550 | D:5      | Found an iron altar of Okawaru.
  4577 | D:5      | Became a worshipper of Warmaster Okawaru
  4969 | D:4      | Found a shimmering altar of Xom.
  5299 | D:4      | Reached skill level 8 in Fighting
  5611 | D:5      | You fall into a shaft and drop 3 floors!
  5776 | D:7      | Noticed Harold
  5780 | D:7      | HP: 3/68 [orc/+0 flail (6)]
  5780 | D:7      | Killed from afar by an orc priest

Illustrated notes

Levels and vault maps discovered:
D:1:      dpeg_arrival_pond, layout_loops_corners, minmay_quantized
D:2:      layout_basic
D:3:      layout_basic
D:4:      layout_loops_ring, tgw_xom, serial_bayou, serial_bayou_lagoon_a,
          serial_bayou_shore_b, serial_bayou_pond_b, serial_bayou_ford_a,
          serial_bayou_shore_a, serial_bayou_pond_a
D:5:      layout_loops_ring, minmay_temple_entry_drinking_statues, first_ration,
          serial_shops, nicolae_shop_crystal, minmay_crystal_room,
          minmay_strange_pillars, corexii_shack, kennysheep_okawaru_gauntlet
D:7:      layout_layer_cave, serial_shops, nicolae_shop_overgrown_old_shop,
          nemelex_lonely_heart_becter, uniq_prince_ribbit1, uniq_harold
D:8:      layout_basic, blue_anna_alchemist [blue_anna_fruit_fields,
          blue_anna_fruit_fields], nrook_mini_backslash

Skill      XL: |  1  2  3  4  5  6  7 |
---------------+----------------------+-----
Fighting       | 4 5 6 7 8 |  8.2
Short Blades   | 3 |  3.1
Maces & Flails | 2 3 4 5 6 |  6.7
Armour         | |  3.6
Shields        | |  3.6

Action                   |  1- 3 |  4- 6 |  7- 9 || total
-------------------------+-------+-------+-------++-------
Melee: Rapier            |    85 |   139 |       ||   224
       Headbutt          |     9 |    36 |    27 ||    72
       Mace              |       |    63 |   105 ||   168
Throw: Stone             |       |       |    12 ||    12
  Use: Scroll            |       |    10 |     2 ||    12
       Potion            |       |     1 |     3 ||     4
  Eat: Chunk             |     2 |     8 |     2 ||    12
       Ration            |       |       |     1 ||     1
Armor: Scale mail        |    40 |    57 |    44 ||   141
Dodge: Dodged            |    35 |    52 |    27 ||   114
Block: Kite shield       |    46 |    75 |    56 ||   177
